[Event "Titled Tuesday Blitz December 06 Late 2022"]
[White "Radovanovic, Dusan"]
[Black "Bilan, Danila"]
[WhiteFideId "926868"]
[BlackFideId "24161918"]
[WhiteElo "2337"]
[BlackElo "2182"]
[Result "0-1"]
[Round "02"]
[TimeControl "180+1"]
[Date "2022.12.07"]
[WhiteClock "0:00:08"]
[BlackClock "0:00:06"]

1. e4 c6 2. d4 d5 3. e5 c5 4. dxc5 Nc6 5. Bb5 e6 6. Be3 Qc7 7. Nf3 Ne7 8. O-O Bd7 9. Bxc6 Nxc6 10. Nbd2 Nxe5 11. Nxe5 Qxe5 12. Nf3 Qc7 13. b4 Be7 14. Bd4 f6 15. Re1 O-O 16. Bb2 Rad8 17. a4 a5 18. c3 b6 19. cxb6 Qxb6 20. b5 Bc5 21. Qd2 Be8 22. Nd4 e5 23. Nf5 Bg6 24. Nh4 Be4 25. Ba3 g5 26. Bxc5 Qxc5 27. Nf3 h6 28. Re3 Rd6 29. Ne1 Rc8 30. f3 Bf5 31. Kh1 Kg7 32. h4 Qc4 33. Rd1 Qxh4+ 34. Kg1 Qc4 35. Nd3 Qxa4 36. Nxe5 fxe5 37. Rxe5 Be6 38. Rde1 Bf7 39. Qe3 Qf4 40. Qa7 Qf6 41. Re7 Rf8 42. b6 Rxb6 43. R7e6 Rxe6 44. Rd1 Rb6 45. Qc7 Qc6 46. Qe5+ Qf6 47. Qc7 Rc6 48. Qg3 Qxc3 49. Kh2 Qc5 50. Re1 Qd6 51. f4 Qxf4 52. Qxf4 gxf4 53. Re5 Rf6 0-1


[Site "https://www.chess.com"]

[Event "Titled Tuesday Blitz December 06 Late 2022"]
[White "Rama, Tejas"]
[Black "Al-Tarboush, Ward"]
[WhiteFideId "30907381"]
[BlackFideId "7601450"]
[WhiteElo "2089"]
[BlackElo "2263"]
[Result "1-0"]
[Round "02"]
[TimeControl "180+1"]
[Date "2022.12.07"]
[WhiteClock "0:00:14"]
[BlackClock "0:00:53"]

1. d4 Nf6 2. c4 g6 3. Nf3 Bg7 4. Nc3 d5 5. Qb3 dxc4 6. Qxc4 O-O 7. e4 a6 8. Be2 b5 9. Qb3 Bb7 10. e5 Nd5 11. O-O Qd7 12. Bd2 Rd8 13. Rfd1 Nc6 14. Ne4 Qe8 15. a4 b4 16. Nc5 Bc8 17. a5 Bg4 18. Bc1 Nb8 19. h3 Bf5 20. g4 Be6 21. Nxe6 fxe6 22. Ng5 Qd7 23. Bc4 Nc6 24. Be3 h6 25. Ne4 Qe8 26. Nc5 Qf7 27. Qa4 Nxe3 28. Bxe6 Nxd1 29. Bxf7+ Kxf7 30. Qxc6 Nxb2 31. Qe6+ Kf8 32. Nd7+ Ke8 33. Nf6+ Bxf6 34. exf6 Rd7 35. Qg8# 1-0


[Site "https://www.chess.com"]

[Event "Titled Tuesday Blitz December 06 Late 2022"]
[White "Rian, Kapriaga"]
[Black "Ronka, Erik"]
[WhiteFideId "7103263"]
[BlackFideId "505080"]
[WhiteElo "2273"]
[BlackElo "2264"]
[Result "0-1"]
[Round "02"]
[TimeControl "180+1"]
[Date "2022.12.07"]
[WhiteClock "0:00:07"]
[BlackClock "0:01:33"]

1. d4 Nf6 2. Nf3 g6 3. Bg5 Bg7 4. Nbd2 O-O 5. c3 d6 6. e4 c5 7. dxc5 dxc5 8. Bc4 Nc6 9. O-O Qc7 10. Qe2 b6 11. h3 h6 12. Bh4 Nh5 13. a4 g5 14. Bg3 Nxg3 15. fxg3 Qxg3 16. Rf2 Bb7 17. Raf1 e6 18. Nh2 Rad8 19. Qh5 Ne5 20. Bb3 Ba6 21. Re1 Nd3 22. Ref1 Nxf2 23. Rxf2 Rxd2 24. Rxd2 Qe1+ 25. Nf1 Qxf1+ 26. Kh2 Qf4+ 0-1


[Site "https://www.chess.com"]

[Event "Titled Tuesday Blitz December 06 Late 2022"]
[White "Rodriguez Santiago, Jaime"]
[Black "Kowalczyk, Pawel"]
[WhiteFideId "3100898"]
[BlackFideId "1130641"]
[WhiteElo "2025"]
[BlackElo "2324"]
[Result "1-0"]
[Round "02"]
[TimeControl "180+1"]
[Date "2022.12.07"]
[WhiteClock "0:00:17"]
[BlackClock "0:01:32"]

1. c4 Nf6 2. Nc3 g6 3. g3 d6 4. Bg2 Bg7 5. e4 O-O 6. Nge2 e5 7. d3 Nc6 8. O-O a5 9. h3 Nd7 10. Be3 Nc5 11. f4 exf4 12. gxf4 f5 13. Rc1 fxe4 14. dxe4 Ne6 15. Qd2 Qe8 16. Nd5 Nb4 17. a3 Nxd5 18. cxd5 Nc5 19. Bxc5 dxc5 20. e5 b6 21. d6 Ra7 22. Nc3 cxd6 23. Qxd6 Rd7 24. Qxb6 Rd2 25. Ne4 Re2 26. Nd6 Qe7 27. Qxc5 Be6 28. b4 axb4 29. axb4 g5 30. f5 Rxe5 31. Qc7 Bd7 32. b5 Re2 33. Qc4+ Kh8 34. Qd5 Qe3+ 35. Kh1 Rd2 36. Nf7+ Rxf7 37. Qxf7 Qg3 38. Rc8+ Bxc8 39. Qe8+ 1-0


[Site "https://www.chess.com"]

[Event "Titled Tuesday Blitz December 06 Late 2022"]
[White "Rorrer, Grayson"]
[Black "Ward, Ieuan C"]
[WhiteFideId "30944996"]
[BlackFideId "406627"]
[WhiteElo "2200"]
[BlackElo "2320"]
[Result "1-0"]
[Round "02"]
[TimeControl "180+1"]
[Date "2022.12.07"]
[WhiteClock "0:00:40"]
[BlackClock "0:00:02"]

1. e4 c5 2. Nf3 d6 3. d4 cxd4 4. Nxd4 Nf6 5. Nc3 a6 6. Nb3 e5 7. Bg5 Be6 8. f4 Nc6 9. Qd2 Be7 10. O-O-O O-O 11. Kb1 Rc8 12. f5 Bxb3 13. axb3 Nd4 14. Be3 Nc6 15. Be2 b5 16. Bf3 Qc7 17. g4 b4 18. Ne2 Rfd8 19. g5 Ne8 20. Rhg1 a5 21. g6 fxg6 22. fxg6 h6 23. Bg4 Ra8 24. Bxh6 gxh6 25. Qxh6 Ng7 26. Qh7+ Kf8 27. Qh8# 1-0


[Site "https://www.chess.com"]

[Event "Titled Tuesday Blitz December 06 Late 2022"]
[White "Rosenberg, Evan S"]
[Black "Rosen, Eric"]
[WhiteFideId "2019299"]
[BlackFideId "2032562"]
[WhiteElo "2409"]
[BlackElo "2362"]
[Result "0-1"]
[Round "02"]
[TimeControl "180+1"]
[Date "2022.12.07"]
[WhiteClock "0:00:05"]
[BlackClock "0:00:19"]

1. d4 d5 2. Nf3 Nf6 3. c3 c5 4. dxc5 e6 5. Be3 a5 6. c4 a4 7. Na3 Bxc5 8. Bxc5 Qa5+ 9. Qd2 Qxc5 10. cxd5 Ne4 11. Qd4 Qa5+ 12. Nd2 exd5 13. Nc4 dxc4 14. Qxe4+ Be6 15. Rc1 O-O 16. Rc3 Rd8 17. e3 a3 18. Bxc4 axb2 19. Bxe6 Qxc3 20. Bxf7+ Kxf7 21. O-O Rxd2 22. Qxb7+ Nd7 23. Qxa8 Qd3 24. Qf3+ Ke7 25. Qb7 Qxf1+ 26. Kxf1 Rd1+ 27. Ke2 b1=Q 0-1


[Site "https://www.chess.com"]

[Event "Titled Tuesday Blitz December 06 Late 2022"]
[White "Rosenthal, Nicholas"]
[Black "Ankerst, Mihael"]
[WhiteFideId "2045150"]
[BlackFideId "14602369"]
[WhiteElo "2182"]
[BlackElo "2368"]
[Result "1-0"]
[Round "02"]
[TimeControl "180+1"]
[Date "2022.12.07"]
[WhiteClock "0:00:13"]
[BlackClock "0:00:05"]

1. e4 c5 2. Nf3 Qb6 3. Nc3 Nc6 4. Bc4 e6 5. O-O a6 6. a3 d6 7. d3 Be7 8. h3 Bd7 9. Rb1 Qc7 10. Ba2 Nf6 11. Ne2 O-O 12. g4 Rfd8 13. Ng3 Be8 14. Kg2 b5 15. c3 Rac8 16. g5 Nd7 17. h4 Nb6 18. Qe2 a5 19. h5 b4 20. g6 d5 21. gxh7+ Kh8 22. Bg5 c4 23. Rbd1 cxd3 24. Qxd3 Ne5 25. Nxe5 Bxg5 26. f4 Bxf4 27. Rxf4 Qxe5 28. Rdf1 dxe4 29. Qa6 Nd5 30. Rxe4 Qg5 31. Qxa5 Bc6 32. Bxd5 Bxd5 33. Qxb4 Rc4 34. Qxc4 Bxc4 35. Rxc4 Rd3 36. Rf3 Qd5 37. Rf4 Rd2+ 38. Kh3 f5 39. c4 Qa8 40. c5 Qd5 41. b4 Qa2 42. Nf1 Rg2 43. c6 Rg1 44. Rf2 Qb3+ 45. Kh2 Rg5 46. c7 Qc3 47. b5 Qxc7 48. Ng3 Rg4 49. Rxg4 fxg4 50. a4 Kxh7 51. Rb2 Qc3 52. Re2 Qc4 53. Rb2 Qc3 54. Re2 Qc4 55. Re4 Qa2+ 56. Kg1 Qb2 57. Rxg4 Kh6 58. Re4 Kg5 59. Kf1 Qh2 60. Re2 Qh3+ 61. Kg1 Kf4 62. Nf1 Qg4+ 63. Kf2 Qh4+ 64. Kg2 Qxh5 65. Re3 Qg4+ 66. Kf2 Qh4+ 67. Ke2 Qh5+ 68. Kd2 Qd5+ 69. Ke1 Qa2 70. Rh3 1-0


[Site "https://www.chess.com"]

[Event "Titled Tuesday Blitz December 06 Late 2022"]
[White "Sanchez, Robert"]
[Black "Espinosa, Pedro"]
[WhiteFideId "2034360"]
[BlackFideId "30921066"]
[WhiteElo "2358"]
[BlackElo "2016"]
[Result "0-1"]
[Round "02"]
[TimeControl "180+1"]
[Date "2022.12.07"]
[WhiteClock "0:00:05"]
[BlackClock "0:00:03"]

1. Nf3 d5 2. e3 Nf6 3. c4 c6 4. Nc3 e6 5. b3 Nbd7 6. Bb2 Bd6 7. Be2 O-O 8. O-O b6 9. d3 Bb7 10. e4 dxe4 11. dxe4 Qc7 12. h3 Rfd8 13. Qc2 Ne5 14. Na4 Nxf3+ 15. Bxf3 Be5 16. Nc3 Rac8 17. g3 Bd4 18. Kh2 e5 19. Bg2 c5 20. Nd5 Bxd5 21. exd5 Qd6 22. Rae1 Re8 23. Bc1 h6 24. f4 exf4 25. Bxf4 Qd7 26. Be4 Nxe4 27. Rxe4 Rxe4 28. Qxe4 Re8 29. Qf3 Qe7 30. d6 Qd7 31. Rd1 Re6 32. b4 Rf6 33. b5 g5 34. Qa8+ Kg7 35. Rxd4 gxf4 36. Rxf4 Rxf4 37. gxf4 Qxd6 38. Qxa7 Qxf4+ 39. Kh1 Qf3+ 40. Kh2 Qf2+ 41. Kh1 Qf1+ 42. Kh2 Qxc4 43. Qxb6 Qxa2+ 44. Kg3 Qb3+ 45. Kh2 Qc2+ 46. Kg3 Qd3+ 47. Kh2 c4 48. Qc6 Qd2+ 49. Qg2+ Qxg2+ 50. Kxg2 c3 51. b6 c2 52. b7 c1=Q 53. b8=Q Qc6+ 54. Kh2 Qc2+ 55. Kh1 Qe4+ 56. Kh2 Qe2+ 57. Kh1 Qf3+ 58. Kh2 Qf2+ 59. Kh1 Qh4 60. Qe5+ Kg6 61. Qe3 Qc4 62. Qf3 f5 63. Qg3+ Kf6 64. Qd6+ Qe6 65. Qf8+ Ke5 66. Qh8+ Ke4 67. Qg7 f4 68. Kg2 Qa2+ 69. Kg1 Qb1+ 70. Kh2 Qc2+ 71. Kh1 Qb1+ 72. Kh2 Qa2+ 73. Kh1 Qe6 74. Qh7+ Kf3 75. Qc2 Qe1+ 76. Kh2 Qe2+ 77. Qxe2+ Kxe2 78. Kg1 f3 0-1


[Site "https://www.chess.com"]

[Event "Titled Tuesday Blitz December 06 Late 2022"]
[White "Santos Flores, Alberto"]
[Black "Bryant, Todd"]
[WhiteFideId "3601234"]
[BlackFideId "2031299"]
[WhiteElo "2235"]
[BlackElo "2318"]
[Result "1-0"]
[Round "02"]
[TimeControl "180+1"]
[Date "2022.12.07"]
[WhiteClock "0:02:02"]
[BlackClock "0:00:42"]

1. d4 Nf6 2. Nf3 g6 3. Bf4 Bg7 4. e3 O-O 5. Nbd2 d6 6. h3 Nbd7 7. Be2 b6 8. a4 Bb7 9. a5 Re8 10. O-O e5 11. dxe5 dxe5 12. Bg3 Ne4 13. Nxe4 Bxe4 14. axb6 axb6 15. Rxa8 Bxa8 16. Bb5 c6 17. Be2 e4 18. Nd4 c5 19. Nb5 Bxb2 20. c3 Bc6 21. Qb3 Bxb5 22. Bxb5 Bxc3 23. Qxc3 Qe7 24. Rd1 Rd8 25. Qd2 1-0


[Site "https://www.chess.com"]

[Event "Titled Tuesday Blitz December 06 Late 2022"]
[White "Sargsyan, Anna M."]
[Black "Korobov, Anton"]
[WhiteFideId "13308130"]
[BlackFideId "14105730"]
[WhiteElo "2284"]
[BlackElo "2635"]
[Result "0-1"]
[Round "02"]
[TimeControl "180+1"]
[Date "2022.12.06"]
[WhiteClock "0:00:05"]
[BlackClock "0:00:55"]

1. e4 c5 2. Nf3 d6 3. Bb5+ Nd7 4. O-O a6 5. Bd3 Ngf6 6. c3 b5 7. Bc2 Bb7 8. Re1 e6 9. d3 Be7 10. Nbd2 O-O 11. Nf1 Rc8 12. Ng3 Ne5 13. Bf4 Ng6 14. Be3 Ng4 15. Bd2 N4e5 16. Kh1 Qb6 17. Ng1 f5 18. f4 Ng4 19. Nh3 Nh4 20. Qe2 Rce8 21. Nf2 Nf6 22. Kg1 g6 23. a4 h5 24. axb5 axb5 25. Bb3 c4 26. dxc4 bxc4 27. Bxc4 d5 28. Bb5 Bc5 29. Bxe8 Ng4 30. Nh1 dxe4 31. h3 e3 32. hxg4 Nxg2 33. Bxe3 Bxe3 34. Red1 fxg4 35. Qb5 g3 36. Qxb6 gxf2+ 37. Nxf2 Bxb6 38. Kf1 Ne3+ 39. Ke2 Nxd1 40. Rxd1 Rxe8 41. Nd3 Ba6 42. Kf3 Rd8 0-1


[Site "https://www.chess.com"]

[Event "Titled Tuesday Blitz December 06 Late 2022"]
[White "Silva, Pedro Gil Ferreira Da"]
[Black "Adla, Diego"]
[WhiteFideId "1946102"]
[BlackFideId "100072"]
[WhiteElo "2241"]
[BlackElo "2377"]
[Result "0-1"]
[Round "02"]
[TimeControl "180+1"]
[Date "2022.12.07"]
[WhiteClock "0:01:49"]
[BlackClock "0:01:53"]

1. c4 e6 2. Nf3 d5 3. g3 dxc4 4. Bg2 a6 5. Ne5 Qd4 6. Nf3 Qd6 7. Na3 b5 8. O-O Bb7 9. b3 cxb3 10. axb3 Nd7 11. d4 Ngf6 12. Bf4 Qb6 13. Qc1 Rc8 14. Nc2 Bd6 15. Ne5 Bxg2 16. Kxg2 O-O 17. Qd2 Rfd8 18. Qa5 Qb7+ 19. Kg1 Ra8 20. Nb4 Bxb4 21. Qxb4 Nd5 22. Qd2 Nxf4 23. Qxf4 Nxe5 24. Qxe5 Rd5 25. Qf4 Rad8 26. Rfc1 Rxd4 27. Qxc7 Rd1+ 28. Rxd1 Qxc7 0-1


[Site "https://www.chess.com"]

[Event "Titled Tuesday Blitz December 06 Late 2022"]
[White "Sohal, Tanraj"]
[Black "Tirelli, Mauro"]
[WhiteFideId "2608499"]
[BlackFideId "845353"]
[WhiteElo "2203"]
[BlackElo "2152"]
[Result "1-0"]
[Round "02"]
[TimeControl "180+1"]
[Date "2022.12.07"]
[WhiteClock "0:02:43"]
[BlackClock "0:02:03"]

1. c4 c5 2. Nc3 Nc6 3. e3 g6 4. d4 Bg7 5. d5 Bxc3+ 6. bxc3 Na5 7. e4 d6 8. f4 b6 9. Nf3 Ba6 10. Nd2 Qd7 11. Bd3 O-O-O 12. O-O h5 13. Qe2 Nh6 14. Nb3 Qa4 15. Nxa5 Qxa5 16. h3 Qxc3 17. Bb2 Qa5 18. Bxh8 Rxh8 19. Qb2 h4 20. Qxh8+ 1-0


[Site "https://www.chess.com"]

[Event "Titled Tuesday Blitz December 06 Late 2022"]
[White "Storey, Charles H"]
[Black "Rakhmatullaev, Almas"]
[WhiteFideId "406686"]
[BlackFideId "14205793"]
[WhiteElo "2251"]
[BlackElo "2221"]
[Result "0-1"]
[Round "02"]
[TimeControl "180+1"]
[Date "2022.12.07"]
[WhiteClock "0:00:56"]
[BlackClock "0:01:51"]

1. c4 Nf6 2. g3 g6 3. Bg2 Bg7 4. Nc3 O-O 5. Nf3 d6 6. d4 c6 7. O-O Bf5 8. Nh4 Be6 9. b3 a5 10. e4 Na6 11. d5 cxd5 12. exd5 Bg4 13. f3 Bd7 14. Bb2 g5 15. Kh1 gxh4 16. gxh4 Nc5 17. Rg1 Kh8 18. Bf1 Rg8 19. Bd3 Nxd3 20. Qxd3 Qc8 21. Rg5 h6 22. Rg3 Nh5 23. Rgg1 Bf5 24. Qd2 Kh7 25. Ne4 Bxb2 26. Qxb2 Bxe4 27. fxe4 Qh3 28. Qf2 Nf6 29. Qf5+ Qxf5 30. exf5 Ne4 31. Rg2 Rxg2 32. Kxg2 a4 33. b4 a3 34. Rc1 Ra4 35. Kf3 Nf6 36. Rb1 b5 37. cxb5 Nxd5 38. Rb3 Rxb4 39. Rxa3 Rxb5 40. Ra7 Kg7 41. a4 Rb3+ 42. Ke4 Nf6+ 43. Kd4 Rb4+ 44. Kc3 Nd5+ 45. Kd2 Rxh4 46. a5 Rxh2+ 47. Kd3 Ra2 48. Kd4 Nb4 49. Kc4 Nc6 50. Rc7 Rxa5 51. Rxc6 Rc5+ 52. Rxc5 dxc5 53. Kxc5 Kf6 0-1


[Site "https://www.chess.com"]

[Event "Titled Tuesday Blitz December 06 Late 2022"]
[White "Sukandar, Irine Kharisma"]
[Black "Romero Ruscalleda, Josep"]
[WhiteFideId "7101937"]
[BlackFideId "2231859"]
[WhiteElo "2301"]
[BlackElo "2183"]
[Result "1-0"]
[Round "02"]
[TimeControl "180+1"]
[Date "2022.12.07"]
[WhiteClock "0:01:36"]
[BlackClock "0:01:26"]

1. e4 g6 2. d4 Bg7 3. Nc3 d6 4. h3 Nc6 5. Nf3 Nf6 6. Be3 O-O 7. Qd2 e5 8. d5 Ne7 9. Bh6 c6 10. dxc6 bxc6 11. Bxg7 Kxg7 12. O-O-O d5 13. exd5 e4 14. Ng5 cxd5 15. Ngxe4 Nxe4 16. Nxe4 Bf5 17. Qd4+ f6 18. Nc5 Rc8 19. g4 Bxc2 20. Ne6+ Kg8 21. Nxd8 Be4+ 22. Kd2 Rfxd8 23. Bd3 Nc6 24. Qxf6 Bxd3 25. Kxd3 Nb4+ 26. Ke2 Rc2+ 27. Kf1 Rf8 28. Qe6+ Kg7 29. Rh2 Rxb2 30. Qe5+ 1-0


[Site "https://www.chess.com"]

[Event "Titled Tuesday Blitz December 06 Late 2022"]
[White "Szyszylo, Rafal"]
[Black "Stoleriu, George"]
[WhiteFideId "1109626"]
[BlackFideId "1227505"]
[WhiteElo "1981"]
[BlackElo "2287"]
[Result "0-1"]
[Round "02"]
[TimeControl "180+1"]
[Date "2022.12.07"]
[WhiteClock "0:00:01"]
[BlackClock "0:00:47"]

1. e4 d5 2. exd5 c6 3. Nf3 cxd5 4. d4 Nc6 5. Be2 Bg4 6. O-O e6 7. c3 Nf6 8. Nbd2 Bd6 9. h3 Bh5 10. Re1 O-O 11. Nf1 Rc8 12. Bg5 h6 13. Bh4 Be7 14. Bg3 Ne4 15. Bh2 Bd6 16. Bxd6 Qxd6 17. N1h2 f5 18. Nd2 Bxe2 19. Qxe2 Rce8 20. Ndf3 g5 21. Ne5 Nxe5 22. dxe5 Qb6 23. Nf3 Rc8 24. Nd4 Rc4 25. Kh1 Re8 26. Kh2 Qc7 27. Kg1 Qxe5 28. f3 Rxd4 29. cxd4 Qxd4+ 30. Kh2 Qe5+ 31. Kg1 Qd4+ 32. Kh2 Nd6 33. Qe5 Qxe5+ 34. Rxe5 Kf7 35. Rc1 Rc8 36. Rxc8 Nxc8 37. Re2 Ke7 38. Rc2 Kd7 39. Kg3 Nd6 40. h4 e5 41. hxg5 hxg5 42. Kf2 d4 43. g4 fxg4 44. fxg4 Ke6 45. Rc7 Kd5 46. Ke2 e4 47. Rg7 d3+ 48. Kd1 Nc4 49. Rxg5+ Kd4 50. b3 Nb2+ 51. Kc1 e3 52. Kxb2 e2 53. Rg7 e1=Q 54. Rd7+ Kc5 55. Rxb7 d2 56. Rc7+ Kb6 57. Rd7 d1=Q 58. Rxd1 Qxd1 59. g5 Qg4 0-1


[Site "https://www.chess.com"]

[Event "Titled Tuesday Blitz December 06 Late 2022"]
[White "Taboas Rodriguez, Daniel"]
[Black "Aung Thant Zin"]
[WhiteFideId "2208466"]
[BlackFideId "13000063"]
[WhiteElo "2329"]
[BlackElo "2278"]
[Result "1-0"]
[Round "02"]
[TimeControl "180+1"]
[Date "2022.12.07"]
[WhiteClock "0:01:26"]
[BlackClock "0:00:15"]

1. d4 Nf6 2. Nf3 e6 3. c4 d5 4. Bg5 Be7 5. e3 O-O 6. Nc3 Ne4 7. Bxe7 Qxe7 8. Rc1 c6 9. Bd3 f5 10. O-O Kh8 11. Ne5 Nd7 12. f4 Nxe5 13. fxe5 Bd7 14. Bxe4 fxe4 15. Qg4 Qb4 16. cxd5 cxd5 17. Nxd5 Qxb2 18. Nf4 Qxa2 19. Rc7 Rad8 20. Rxb7 Qa4 21. d5 Qa6 22. Rfb1 Rxf4 23. Qxf4 exd5 24. Rxd7 1-0


[Site "https://www.chess.com"]

[Event "Titled Tuesday Blitz December 06 Late 2022"]
[White "Tanenbaum, Zachary"]
[Black "Martin Carmona, Gaston Manuel"]
[WhiteFideId "2060850"]
[BlackFideId "22284567"]
[WhiteElo "2175"]
[BlackElo "2235"]
[Result "1-0"]
[Round "02"]
[TimeControl "180+1"]
[Date "2022.12.07"]
[WhiteClock "0:00:06"]
[BlackClock "0:00:02"]

1. e4 e6 2. d4 d5 3. Nc3 dxe4 4. Nxe4 Bd7 5. Nf3 Bc6 6. Bd3 Nd7 7. O-O Ngf6 8. Ned2 Be7 9. Nc4 Bxf3 10. Qxf3 c6 11. Re1 O-O 12. Bf4 Nb6 13. Na5 Nbd5 14. Nxb7 Qb6 15. Nc5 Nxf4 16. Qxf4 Qxb2 17. Nb3 Qc3 18. a3 Rab8 19. Qf3 Nd5 20. g3 a5 21. a4 g6 22. Be4 Qxf3 23. Bxf3 Nb4 24. Re2 Nxc2 25. Rxc2 Rxb3 26. Bxc6 Rc8 27. Rac1 Bg5 28. Bb5 Rxc2 29. Rxc2 Bf6 30. Rd2 Rb4 31. d5 exd5 32. Rxd5 Kg7 33. Rd7 Bd4 34. Bc6 Bb6 35. Bd5 Rxa4 36. Rxf7+ Kh6 37. Rb7 Bd4 38. Bg8 Bg7 39. h4 Rb4 40. Ra7 a4 41. Kg2 Rd4 42. Kh3 a3 43. g4 Rd3+ 44. Kg2 a2 45. Rxa2 Bd4 46. Re2 Kg7 47. Bc4 Rc3 48. Re7+ Kf6 49. Rf7+ Ke5 50. f4+ Ke4 51. Ba6 Rc2+ 52. Kf1 Kf3 53. Bb7+ Kg3 54. Rxh7 Kxg4 55. h5 gxh5 56. f5 Kxf5 57. Rxh5+ Kf6 58. Rh6+ Kg7 59. Rd6 Bf6 60. Rd7+ Kg6 61. Be4+ Kg5 62. Bxc2 1-0


[Site "https://www.chess.com"]

[Event "Titled Tuesday Blitz December 06 Late 2022"]
[White "Tang, Andrew"]
[Black "Souleidis, Georgios"]
[WhiteFideId "2059630"]
[BlackFideId "4206827"]
[WhiteElo "2582"]
[BlackElo "2401"]
[Result "1-0"]
[Round "02"]
[TimeControl "180+1"]
[Date "2022.12.06"]
[WhiteClock "0:00:30"]
[BlackClock "0:00:01"]

1. d4 Nf6 2. c4 g6 3. f3 Bg7 4. e4 d6 5. Nc3 O-O 6. Nge2 c5 7. d5 e6 8. Ng3 exd5 9. cxd5 a6 10. a4 h5 11. Bg5 Qc7 12. Qd2 Nh7 13. Bh6 Bxh6 14. Qxh6 Qe7 15. f4 Nd7 16. Bc4 Qf6 17. O-O-O b5 18. axb5 axb5 19. Bxb5 Nb6 20. Rhf1 Bg4 21. Rde1 Ra1+ 22. Kc2 Rxe1 23. Rxe1 Qd4 24. f5 Qf2+ 25. Qd2 Qxd2+ 26. Kxd2 h4 27. Nf1 gxf5 28. Ne3 Ng5 29. h3 Bh5 30. Nxf5 Rd8 31. Nxh4 f6 32. Nf5 Nf7 33. h4 Ne5 34. Ra1 Bg4 35. Ne3 Bh5 36. Ra7 Kf8 37. Rb7 Nbd7 38. Nf5 1-0


[Site "https://www.chess.com"]

[Event "Titled Tuesday Blitz December 06 Late 2022"]
[White "Therrien, Alex L"]
[Black "Rustemov, Alexander"]
[WhiteFideId "412856"]
[BlackFideId "4119002"]
[WhiteElo "2214"]
[BlackElo "2796"]
[Result "0-1"]
[Round "02"]
[TimeControl "180+1"]
[Date "2022.12.07"]
[WhiteClock "0:00:51"]
[BlackClock "0:02:12"]

1. d4 g6 2. Nf3 Bg7 3. c4 d6 4. g3 c5 5. Nc3 cxd4 6. Nxd4 Nc6 7. Be3 Nf6 8. Bg2 Bd7 9. h3 O-O 10. O-O Nxd4 11. Bxd4 Qc8 12. Bxf6 Bxf6 13. Nd5 Bxh3 14. Nxf6+ exf6 15. Bxh3 Qxh3 16. Qxd6 Rfe8 17. e3 Re5 0-1


[Site "https://www.chess.com"]

[Event "Titled Tuesday Blitz December 06 Late 2022"]
[White "Torres Dominguez, David"]
[Black "Urbina Perez, Juan Antonio"]
[WhiteFideId "2220857"]
[BlackFideId "2217368"]
[WhiteElo "2037"]
[BlackElo "2197"]
[Result "0-1"]
[Round "02"]
[TimeControl "180+1"]
[Date "2022.12.07"]
[WhiteClock "0:00:02"]
[BlackClock "0:00:21"]

1. e4 c5 2. Nf3 d6 3. d4 cxd4 4. Nxd4 Nf6 5. Nc3 Nc6 6. Nxc6 bxc6 7. Bd3 g6 8. O-O Bg7 9. Re1 O-O 10. Bd2 Rb8 11. b3 Nd7 12. Rc1 Nc5 13. Bf1 Qb6 14. Nb1 Ba6 15. Bxa6 Qxa6 16. a4 Ne6 17. Bc3 Bh6 18. Bd2 Bg7 19. Bc3 Qb6 20. Bxg7 Kxg7 21. Nd2 Qc5 22. Qe2 Qb4 23. Rcd1 c5 24. Qc4 Qxc4 25. Nxc4 Nd4 26. Rd2 f6 27. Red1 Rfd8 28. Kf1 g5 29. Ne3 Kf7 30. Nf5 Nc6 31. Ne3 h5 32. f3 Nd4 33. Nf5 Nc6 34. Kf2 g4 35. fxg4 hxg4 36. Nh6+ Ke6 37. Nxg4 Rg8 38. h3 Rg5 39. Rd3 Rbg8 40. R1d2 Ne5 41. Rg3 Nxg4+ 42. hxg4 Rxg4 43. Rxg4 Rxg4 44. Kf3 Rh4 45. g3 Rh1 46. Re2 Ke5 47. Kg2 Rd1 48. Kf3 Rf1+ 49. Kg2 Rc1 50. Kf3 e6 51. Kg4 Rf1 52. Kh5 Rf3 53. g4 Rc3 54. Kg6 Rg3 55. Kh5 c4 56. b4 Ra3 57. a5 a6 58. Kg6 Rg3 59. Kh5 Rg1 60. c3 Rg3 61. Rc2 Kxe4 62. Kg6 Rxg4+ 63. Kxf6 Kd5 64. Rd2+ Kc6 65. Kxe6 Rg6+ 66. Ke7 Rg3 67. Rxd6+ Kb7 68. Rd7+ Kc6 69. Rd6+ Kb5 70. Rb6+ Ka4 71. Rxa6 Rxc3 72. Rc6 Kxb4 73. a6 Ra3 74. Kd6 Kb5 75. Kd5 c3 76. Rc5+ Kb4 77. Rc4+ Kb3 78. Kd4 c2 79. Rc3+ Kb2 80. Rxa3 c1=Q 0-1


[Site "https://www.chess.com"]

[Event "Titled Tuesday Blitz December 06 Late 2022"]
[White "Walentukiewicz, Michal"]
[Black "Bazzano, Sebastian"]
[WhiteFideId "1126903"]
[BlackFideId "104566"]
[WhiteElo "2028"]
[BlackElo "2196"]
[Result "1-0"]
[Round "02"]
[TimeControl "180+1"]
[Date "2022.12.07"]
[WhiteClock "0:02:01"]
[BlackClock "0:00:11"]

1. g3 Nf6 2. Bg2 g6 3. Nf3 Bg7 4. O-O O-O 5. c4 c5 6. Nc3 Nc6 7. d3 d6 8. Rb1 e5 9. a3 a5 10. Ne1 Be6 11. Nc2 d5 12. cxd5 Nxd5 13. Ne3 Nce7 14. Bd2 Rc8 15. Ncxd5 Nxd5 16. b4 axb4 17. axb4 Nxe3 18. Bxe3 cxb4 19. Rxb4 Bd5 20. Bxd5 Qxd5 21. Qb1 Rc7 22. h4 Rfc8 23. Qb3 Qxb3 24. Rxb3 Rc2 25. Re1 R8c7 26. Kf1 Ra2 27. Reb1 Bf6 28. Rxb7 Rxb7 29. Rxb7 Kg7 30. Rb1 h5 31. Re1 Be7 32. Rb1 Rc2 33. Rb5 Bf6 34. Rd5 Ra2 35. Bc5 Ra1+ 36. Kg2 Ra2 37. Kf3 Ra5 38. Bf8+ 1-0


[Site "https://www.chess.com"]

[Event "Titled Tuesday Blitz December 06 Late 2022"]
[White "Winterberg, Lukas"]
[Black "Vykouk, Jan"]
[WhiteFideId "24622702"]
[BlackFideId "349658"]
[WhiteElo "2350"]
[BlackElo "2378"]
[Result "1-0"]
[Round "02"]
[TimeControl "180+1"]
[Date "2022.12.07"]
[WhiteClock "0:00:21"]
[BlackClock "0:00:16"]

1. Nf3 Nf6 2. b3 d5 3. Bb2 Bg4 4. Ne5 Bf5 5. g3 e6 6. Bg2 Nbd7 7. O-O a5 8. c4 c6 9. d3 a4 10. Nd2 h6 11. e4 dxe4 12. dxe4 Bh7 13. Nxd7 Qxd7 14. e5 Ng8 15. Ne4 Bxe4 16. Bxe4 Qxd1 17. Rfxd1 Bc5 18. Kg2 Ne7 19. Rd2 Bb4 20. Rd3 a3 21. Bd4 O-O-O 22. Rad1 c5 23. Be3 b6 24. f4 Rxd3 25. Rxd3 Rd8 26. Rxd8+ Kxd8 27. g4 Bc3 28. h4 Kd7 29. Kf3 f6 30. exf6 gxf6 31. f5 exf5 32. gxf5 h5 33. Bf4 Be1 34. Bg3 Bxg3 35. Kxg3 Nc8 36. Kf4 Nd6 37. Bf3 b5 38. Bxh5 bxc4 39. bxc4 Nxc4 40. Bf7 Ne5 41. Be6+ Ke7 42. h5 Kf8 43. h6 Nd3+ 44. Ke4 Nf2+ 45. Kd5 Ng4 46. Kxc5 Nxh6 47. Kb4 Ke7 48. Kxa3 Kd6 49. Kb4 Ng4 50. Kb5 Kc7 51. a4 Ne5 52. a5 Nf3 53. Kc5 Ne5 54. a6 Nd3+ 55. Kd4 Nb4 56. Bc4 Nc6+ 57. Kc5 Ne7 58. Bd3 Kb8 59. Kd6 Nxf5+ 60. Bxf5 Ka7 61. Bd3 f5 62. Ke5 f4 63. Kxf4 Kb6 64. Ke5 Ka7 65. Kd6 Kb6 66. Kd7 Ka7 67. Kc8 Ka8 68. Kc7 Ka7 69. Kc6 Ka8 70. Kb6 Kb8 71. a7+ Kc8 72. a8=Q+ Kd7 73. Qc6+ Ke7 74. Ba6 Kf7 75. Kc5 Kg7 76. Qe6 Kh7 77. Qg4 1-0


[Site "https://www.chess.com"]

[Event "Titled Tuesday Blitz December 06 Late 2022"]
[White "Xiong, Jeffery"]
[Black "Rastbod, Ali"]
[WhiteFideId "2047640"]
[BlackFideId "12567477"]
[WhiteElo "2726"]
[BlackElo "2223"]
[Result "1-0"]
[Round "02"]
[TimeControl "180+1"]
[Date "2022.12.06"]
[WhiteClock "0:00:46"]
[BlackClock "0:00:03"]

1. e4 e6 2. d4 d5 3. e5 c5 4. c3 b6 5. h4 Qd7 6. h5 Ba6 7. Bxa6 Nxa6 8. a3 Rc8 9. Rh3 Ne7 10. Bf4 Qb5 11. b4 cxd4 12. cxd4 Nb8 13. Nc3 Qd7 14. Nge2 Rc4 15. Kf1 Nbc6 16. Na4 Nb8 17. Nb2 Rc6 18. b5 Rc8 19. a4 Nf5 20. g4 Nh6 21. Rg3 Be7 22. Qd2 Qd8 23. a5 Ng8 24. g5 Nd7 25. axb6 Qxb6 26. Rb3 g6 27. Ra6 Qb7 28. Qa5 Ra8 29. b6 Bd8 30. Rxa7 Bxb6 31. Rxa8+ 1-0


[Site "https://www.chess.com"]